 Dungeon Crawl Stone Soup version 0.29.1-4-g47bece8355 (webtiles) character file.

Game seed: 3334823660955681560

1650963 wingedge the Axe Maniac (level 26, 261/261 HPs)
             Began as a Minotaur Hunter on Dec 4, 2022.
             Was the Champion of the Shining One.
             Escaped with the Orb
             ... and 3 runes on Dec 5, 2022!
             The game lasted 05:04:14 (72695 turns).

wingedge the Axe Maniac (Minotaur Hunter)          Turns: 72695, Time: 05:04:15

Health: 261/261    AC: 44    Str: 32    XL:     26   Next: 93%
Magic:  42/42      EV: 16    Int:  6    God:    the Shining One [******]
Gold:   5801       SH:  0    Dex: 19    Spells: 23/25 levels left

rFire   + + .      SeeInvis +   a - +5 executioner's axe (spect)
rCold   + + +      Faith    +   (shield currently unavailable)
rNeg    + + +      Spirit   .   y - +9 gold dragon scales
rPois   +          Reflect  .   j - +2 hat {SInv}
rElec   +          Harm     .   t - scarf {repulsion}
rCorr   .          Rampage  .   g - +2 pair of gloves {infuse}
Will    +++..                   V - +2 pair of boots
Stlth   ..........              R - amulet of Zivvatol {Faith rF+ Str+3 Int+3 Stlth-}
HPRegen 0.53/turn               S - ring "Veusuk" {Contam rElec rN+++ MP+9}
MPRegen 0.28/turn               e - ring "Vuuhi" {rC+++ Will+ Str+6 Dex-3 Stlth+}

@: glowing, studying Ice Magic, repel missiles
A: horns 2, retaliatory headbutt, agile 1, dopey 1, strong-willed 1, screaming 1
0: Orb of Zot
}: 3/15 runes: barnacled, abyssal, gossamer
a: Renounce Religion, Divine Shield, Cleansing Flame, Summon Divine Warrior


You escaped.
You worshipped the Shining One.
The Shining One was exalted by your worship.
You visited 11 branches of the dungeon, and saw 48 of its levels.
You visited the Abyss 1 time.
You also visited: Sewer, Ossuary, Ice Cave and Volcano.

You collected 9838 gold pieces.
You spent 4037 gold pieces at shops.

Inventory:

Hand Weapons
 a - a +5 spectral executioner's axe (weapon)
 b - the +6 executioner's axe "Trog's Hatred" {vorpal, Will+ Str+3}
   (You bought it in a shop on level 3 of the Shoals)

   It inflicts extra damage upon your enemies.
   Str:       It affects your strength (+3).
   Will:      It increases your willpower.
 c - a +1 antimagic war axe
 f - a +7 battleaxe of flaming
 h - a +2 battleaxe of holy wrath
Missiles
 s - 14 javelins
 E - a boomerang of dispersal
 J - 35 boomerangs (quivered)
 K - 11 silver javelins
 W - 6 silver boomerangs
 X - 5 throwing nets
Armour
 g - a +2 pair of gloves of infusion (worn)
 j - a +2 hat of see invisible (worn)
 t - a scarf of repulsion (worn)
 y - +9 gold dragon scales (worn)
 V - a +2 pair of boots (worn)
 Y - the +12 crystal plate armour of Tortured Surprise {Rampage}
   (You acquired it on level 1 of the Vaults)

   Rampage:   It bestows one free step when moving towards enemies.
Jewellery
 e - the ring "Vuuhi" (right hand) {rC+++ Will+ Str+6 Dex-3 Stlth+}
   (You found it on level 1 of the Depths)

   [ring of strength]

   Str:       It affects your strength (+6).
   Dex:       It affects your dexterity (-3).
   rC:        It renders you almost immune to cold.
   Will:      It increases your willpower.
   Stlth:     It makes you more stealthy.
 o - the ring "Xybetz" {rF+ rCorr EV+4 Str-4}
   (You found it on level 4 of the Shoals)

   [ring of evasion]

   EV:        It affects your evasion (+4).
   Str:       It affects your strength (-4).
   rF:        It protects you from fire.
   rCorr:     It protects you from acid and corrosion.
 p - the amulet of the Air {Inacc Air Fly rElec RMsl}
   (You found it on level 4 of the Realm of Zot)

   [amulet of nothing]

   It reduces the accuracy of all your attacks.
   It enhances your air magic.
   rElec:     It insulates you from electricity.
   Fly:       It grants you flight.
   RMsl:      It protects you from missiles.
 F - a ring of flight
 R - the amulet of Zivvatol (around neck) {Faith rF+ Str+3 Int+3 Stlth-}
   (You bought it in a shop on level 14 of the Dungeon)

   [amulet of faith]

   It allows you to gain divine favour quickly.
   Str:       It affects your strength (+3).
   Int:       It affects your intelligence (+3).
   rF:        It protects you from fire.
   Stlth:     It makes you less stealthy.
 S - the ring "Veusuk" (left hand) {Contam rElec rN+++ MP+9}
   (You found it on level 7 of the Dungeon)

   [ring of magical power]

   rElec:     It insulates you from electricity.
   rN:        It renders you almost immune to negative energy.
   MP:        It affects your magic capacity (+9).
   Contam:    It causes magical contamination when unequipped.
Wands
 d - a wand of paralysis (24)
 l - a wand of light (23)
 I - a wand of mindburst (27)
 T - a wand of iceblast (53)
 Z - a wand of digging (7)
Scrolls
 r - 5 scrolls of silence
 u - 4 scrolls of fear
 w - 21 scrolls of teleportation
 x - 9 scrolls of butterflies
 G - 6 scrolls of immolation
 N - a scroll of magic mapping
Potions
 k - a potion of cancellation
 m - 10 potions of attraction
 n - 19 potions of curing
 q - 8 potions of flight
 z - 3 potions of haste
 A - 6 potions of might
 H - 6 potions of magic
 M - 8 potions of mutation
 O - 4 potions of lignification
 P - 6 potions of berserk rage
 Q - 8 potions of ambrosia
 U - 5 potions of resistance
Miscellaneous
 i - a lightning rod (4/4)
 v - a box of beasts
 B - a phial of floods
 L - a phantom mirror


   Skills:
 - Level 26.0 Fighting
 O Level 27 Axes
 - Level 7.2 Ranged Weapons
 + Level 21.6 Throwing
 - Level 25.0 Armour
 - Level 16.0 Dodging
 - Level 2.0 Stealth
 - Level 10.0 Transmutations
 - Level 15.0 Invocations
 - Level 12.0 Evocations


You had 23 spell levels left.
You knew the following spells:

 Your Spells              Type           Power      Damage    Failure   Level
a - Wereblood             Tmut           12%        N/A       7%          2

Your spell library contained the following spells:

 Spells                   Type           Power      Damage    Failure   Level
 Beastly Appendage        Tmut           24%        N/A       4%          1
 Passwall                 Tmut/Erth      5%         N/A       47%         2
 Spider Form              Tmut/Pois      6%         N/A       71%         3
 Blade Hands              Tmut           6%         N/A       77%         5
 Ignite Poison            Fire/Tmut/Pois 3%         N/A       91%         3
 Foxfire                  Conj/Fire      0%         2x1d4     95%         1
 Magic Dart               Conj           0%         1d3       95%         1
 Summon Small Mammal      Summ           0%         N/A       95%         1
 Ice Form                 Ice/Tmut       6%         N/A       98%         4
 Petrify                  Tmut/Erth      6%         N/A       98%         4
 Call Imp                 Summ           0%         N/A       99%         2
 Ensorcelled Hibernation  Hex/Ice        0%         N/A       99%         2
 Searing Ray              Conj           0%         2d4       99%         2
 Static Discharge         Conj/Air       0%         3-3/arc   99%         2
 Sublimation of Blood     Necr           0%         N/A       99%         2
 Call Canine Familiar     Summ           0%         N/A       100%        3
 Conjure Flame            Conj/Fire      0%         6-21      100%        3
 Dazzling Flash           Conj/Hex       0%         N/A       100%        3
 Frozen Ramparts          Ice            0%         1d1       100%        3
 Inner Flame              Hex/Fire       0%         N/A       100%        3
 Mephitic Cloud           Conj/Pois/Air  0%         N/A       100%        3
 Portal Projectile        Hex/Tloc       0%         N/A       100%        3
 Stone Arrow              Conj/Erth      0%         3d7       100%        3
 Summon Guardian Golem    Hex/Summ       0%         N/A       100%        3
 Swiftness                Air            0%         N/A       100%        3
 Tukima's Dance           Hex            0%         N/A       100%        3
 Anguish                  Hex/Necr       0%         N/A       100%        4
 Animate Armour           Summ/Erth      0%         N/A       100%        4
 Animate Dead             Necr           0%         N/A       100%        4
 Dispel Undead            Necr           0%         3d6       100%        4
 Flame Wave               Conj/Fire      0%         2d4       100%        4
 Fulminant Prism          Conj/Hex       0%         3d6       100%        4
 Iskenderun's Mystic Bla  Conj/Tloc      0%         2d3       100%        4
 Leda's Liquefaction      Hex/Erth       0%         N/A       100%        4
 Sticky Flame             Conj/Fire      0%         2d3       100%        4
 Summon Ice Beast         Ice/Summ       0%         N/A       100%        4
 Summon Lightning Spire   Summ/Air       0%         N/A       100%        4
 Alistair's Intoxication  Tmut/Pois      4%         N/A       100%        5
 Borgnjor's Vile Clutch   Necr/Erth      0%         N/A       100%        5
 Fireball                 Conj/Fire      0%         3d3       100%        5
 Freezing Cloud           Conj/Ice/Air   0%         6-21      100%        5
 Irradiate                Conj/Tmut      3%         3d12      100%        5
 Metabolic Englaciation   Hex/Ice        0%         N/A       100%        5
 Summon Forest            Summ/Tloc      0%         N/A       100%        5
 Death Channel            Necr           0%         N/A       100%        6
 Eringya's Noxious Bog    Tmut/Pois      3%         N/A       100%        6
 Iron Shot                Conj/Erth      0%         9d1       100%        6
 Simulacrum               Ice/Necr       0%         N/A       100%        6
 Starburst                Conj/Fire      0%         6d3       100%        6
 Statue Form              Tmut/Erth      4%         N/A       100%        6
 Enfeeble                 Hex            0%         N/A       100%        7
 Storm Form               Tmut/Air       3%         N/A       100%        7
 Summon Hydra             Summ           0%         N/A       100%        7
 Ignition                 Fire           0%         3d3       100%        8
 Lehudib's Crystal Spear  Conj/Erth      0%         10d2      100%        8
 Maxwell's Capacitive Co  Air            0%         ∞         100%        8
 Polar Vortex             Ice            0%         N/A       100%        9


Dungeon Overview and Level Annotations

Branches:
Dungeon (15/15)            Temple (1/1) D:5            Lair (5/5) D:11
 Shoals (4/4) Lair:2       Spider (4/4) Lair:3        Slime (0/5) Lair:4
    Orc (2/2) D:11            Elf (0/3) Orc:2        Vaults (4/5) D:13
  Crypt (3/3) Vaults:3       Tomb (1/3) Crypt:3      Depths (4/4) D:15
    Zot (5/5) Depths:4      Sewer (visited)         Ossuary (visited)
  IceCv (visited)         Volcano (visited)

Altars:
Ashenzari
Cheibriados
Dithmenos
Elyvilon
Fedhas
Gozag
Hepliaklqana
Kikubaaqudgha
Makhleb
Nemelex Xobeh
Okawaru
Qazlal
Ru
Sif Muna
Trog
Uskayaw
Vehumet
Xom
Yredelemnul
Zin
The Shining One
Jiyva

Shops:
D:14 =   Orc:2 =:([   Shoals:2 (   Shoals:3 (   Vaults:1 ?   Depths:2 *
Depths:4 =[

Portals:
Hell: Depths:1 Depths:2 Depths:3 Depths:4
Abyss: Depths:3
Pandemonium: Depths:2
Ziggurat: Depths:2
Trove: D:15 (give 6 scrolls of blinking)

Annotations:
D:12 2 transporters, DemonSlayer's ghost, journeyman DsFE


Innate Abilities, Weirdness & Mutations

You have a pair of horns on your head.
You reflexively headbutt those who attack you in melee.
You are agile. (Dex +4, Str/Int -1)
You are dopey. (Int -2)
You are strong-willed. (Will+)
You occasionally shout uncontrollably at your foes.


Message History

You climb upwards.
There is a stone staircase leading down here.
There is a stone staircase leading down here.
An Orb Guardian comes into view.
You can't go up here!
There is a stone staircase leading up here.
You climb upwards.
There is a stone staircase leading down here.
There is a stone staircase leading up here.
You climb upwards.
There is a stone staircase leading down here.
HP restored.
There is a stone staircase leading up here.
You climb upwards.
There is a stone staircase leading down here.
You see here a +0 leather armour.
There is a stone staircase leading up here.
You climb upwards.
There is a stone staircase leading down here.
A chaos spawn comes into view.
You slash the chaos spawn!
The chaos spawn is heavily wounded.
Your +5 spectral executioner's axe barely misses the chaos spawn.
Unknown command.
You slice the chaos spawn!!
You kill the chaos spawn!
The Shining One accepts your kill.
You feel your power returning.
The chaos spawn degenerates into a cloud of primal chaos!
Unknown command.
A hellwing comes into view.
The hellwing moves out of view.
A reaper comes into view. It is wielding a +3 scythe.
Aiming: Dig
Press: ? - help, Shift-Dir - straight line, f - you Please select a direction to dig.
This square is lit by a halo and is covered in magical glow.
The rock shatters into small pieces.
There is a staircase leading out of the dungeon here.
You have escaped!

[..##.# #...............4......
#####.##########.##.#####..#.#.##
#.......# #..2.....#..#...#.
#######.# #..#.###.#..#####.
##### #.# #..#.....#..# #.
#...####.####..#######..#####.
###.#.........................
#...#....####.################
#.###......##@................
#.# #....#.##'################
#.# #......##.................
#.# #....####.################
##.###....# #.................
###....#....# ##################
#.......##### #..........#
#..#######.################


You could see a reaper.

Vanquished Creatures
  6 dread liches
  9 orbs of fire
  5 ancient liches
  Mennas (Depths:4)
  3 juggernauts
  Sojobo (Depths:4)
  6 Killer Klowns
  Margery (Vaults:2)
  2 curse toes (Zot:4)
  3 caustic shrikes (Depths:4)
  5 golden dragons
  2 bone dragons
  The ghost of Uriettue the Slayer, an adept MiBe of Trog (Depths:4)
  2 Tzitzimimeh
  2 doom hounds (Depths:4)
  3 electric golems
  A hellephant (Abyss:3)
  The ghost of tamionv the Dancer, an adept GrFi of Uskayaw (Vaults:2)
  2 iron giants
  A walking crystal tome (Depths:3)
  27 Orb Guardians
  An Ice Fiend (IceCv)
  4 titans
  11 tentacled monstrosities
  A walking divine tome (Depths:3)
  Grunn (Depths:4)
  4 liches
  A deep elf blademaster (Vaults:2)
  11 death cobs
  6 quicksilver dragons
  4 ancient champions
  7 tentacled starspawn
  2 pandemonium lords
  An Executioner (Abyss:3)
  17 sphinxes
  7 shadow dragons
  A kraken (Shoals:3)
  5 tengu reavers
  11 storm dragons
  2 draconian knights
  Donald (Vaults:2)
  6 revenants
  14 draconian monks
  6 fire giants
  10 frost giants
  4 iron dragons
  9 emperor scorpions
  An orc warlord (Vaults:3)
  An angel (Abyss:3)
  10 vault wardens
  7 draconian scorchers
  Aizul (Spider:4)
  6 draconian shifters
  6 draconian stormcallers
  A curse skull (Crypt:3)
  4 ghost moths
  A spriggan defender (Depths:2)
  10 ghouls
  5 reapers
  4 draconian annihilators
  A quicksilver ooze (Lair:4)
  16 stone giants
  15 ironbound preservers
  A juggernaut skeleton (Tomb:1)
  2 ophanim
  13 green draconians
  20 very ugly things
  7 war gargoyles
  8 ironbound thunderhulks
  19 white draconians
  17 black draconians
  2 lorocyprocas
  10 vampire knights
  11 purple draconians
  4 entropy weavers
  12 spark wasps
  6 dire elephants (Vaults:1)
  15 yellow draconians
  12 red draconians
  2 minotaurs
  7 ettins
  4 eidola
  5 mummy priests (Tomb:1)
  A merfolk javelineer (Shoals:2)
  A deep elf death mage (Vaults:2)
  2 crystal guardians (Vaults:4)
  A fire dragon (shapeshifter) (Zot:3)
  13 yaktaur captains
  13 fire dragons
  5 great orbs of eyes
  A deep elf high priest (Zot:3)
  4 merfolk impalers
  11 boulder beetles
  2 spriggan zombies
  2 caustic shrike simulacra
  10 hydras
  A quicksilver dragon skeleton (Crypt:1)
  6 peacekeepers
  2 radroaches
  11 ice dragons
  6 spriggan air magi
  2 rakshasas
  6 vault guards
  3 merfolk avatars
  11 centaur warriors
  2 death knights
  4 ironbound frosthearts
  2 catoblepae
  A spriggan skeleton (Crypt:3)
  3 merfolk aquamancers (Shoals:2)
  2 alligator snapping turtles
  3 jorogumos
  A jorogumo (shapeshifter) (Depths:3)
  3 dancing weapons
  10 death yaks
  A naga warrior (Abyss:3)
  8 two-headed ogres
  A fenstrider witch skeleton (Crypt:1)
  5 vampire magi
  5 deep troll earth magi
  4 tengu warriors
  13 death scarabs (Tomb:1)
  4 deep troll shamans
  A satyr (Shoals:4)
  A hell hog (Abyss:3)
  A titan zombie (D:15)
  4 orc high priests
  4 thrashing horrors
  Urug (D:13)
  5 spriggan berserkers
  Nergalle (Lair:3)
  8 hell knights
  A fire crab (Lair:5)
  3 iron trolls
  A soul eater (Crypt:2)
  23 skeletal warriors
  A sun moth (Spider:1)
  2 cherubim (Abyss:3)
  A sixfirhy (Abyss:2)
  8 pharaoh ants
  2 titan skeletons
  8 wretched stars
  Amaemon (Lair:3)
  A spatial maelstrom (Abyss:2)
  2 shadow demons
  A death drake (shapeshifter) (Vaults:2)
  12 sea snakes
  2 anaconda zombies (Crypt:1)
  5 glowing orange brains
  5 orb spiders
  43 deep trolls
  9 steelbarb worms
  17 ironbound convokers
  A deep elf archer (Vaults:2)
  12 flayed ghosts
  2 obsidian statues
  3 bog bodies
  A shadow dragon zombie (D:15)
  A spriggan simulacrum (IceCv)
  5 wizards
  A lindwurm (Vaults:1)
  17 phantasmal warriors
  9 necromancers
  A fire giant zombie (Depths:1)
  24 harpies
  4 orc sorcerers
  A deep elf pyromancer (D:13)
  9 orc knights
  An anaconda skeleton (Crypt:3)
  16 ugly things
  10 wolf spiders
  A frost giant zombie (D:15)
  5 cyclopes
  33 moths of wrath
  9 manticores
  A worldbinder (Abyss:2)
  A sphinx skeleton (Crypt:1)
  A moth of wrath (shapeshifter) (Depths:3)
  An eleionoma skeleton (Crypt:1)
  A rust devil (Zot:4)
  14 fauns
  5 black mambas
  9 fire giant skeletons (Crypt:3)
  A naga mage (Abyss:3)
  A stone giant skeleton (Crypt:1)
  8 merfolk sirens
  A toenail golem (D:10)
  An apocalypse crab (Abyss:2)
  A guardian serpent (Abyss:3)
  25 vault sentinels
  3 water nymphs
  4 smoke demons
  11 cane toads
  6 gargoyles
  7 elephants
  8 torpor snails
  3 orange demons
  4 rime drakes
  2 molten gargoyles (Lair:5)
  2 human zombies (Vaults:2)
  17 komodo dragons
  3 demonic crawlers
  A cane toad (shapeshifter) (D:15)
  A centaur skeleton (Crypt:3)
  A hellion (Abyss:2)
  An unseen horror (shapeshifter) (D:12)
  3 freezing wraiths
  2 golden dragon simulacra (IceCv)
  An alligator snapping turtle skeleton (Crypt:2)
  3 efreet
  4 unseen horrors
  37 yaktaurs
  3 spectral merfolk (Shoals:1)
  A grey draconian skeleton (Crypt:2)
  12 ice devils (IceCv)
  A hellwing (Zot:4)
  4 ancient zymes
  6 tengu conjurers
  8 guardian mummies
  A catoblepas skeleton (Crypt:1)
  6 trolls
  A red devil (Zot:4)
  14 large abominations
  A meliai (shapeshifter) (Abyss:3)
  A death yak skeleton (Crypt:1)
  8 hornets
  9 meliai
  27 merfolk
  22 tarantellas
  5 wind drakes
  Grinder (D:5)
  Prince Ribbit (D:6)
  18 blink frogs
  35 slime creatures
  A harpy skeleton (Crypt:3)
  19 dream sheep
  19 raiju
  14 snapping turtles
  2 ettin skeletons (Crypt:3)
  20 culicivoras
  10 flying skulls
  3 spriggans
  21 jumping spiders
  A spriggan (shapeshifter) (Abyss:1)
  2 vampires (D:13)
  4 ushabtiu
  7 fire dragon skeletons (Crypt:3)
  3 dire elephant simulacra (IceCv)
  A ynoxinul (Abyss:3)
  A fire elemental (Volcano)
  4 wyverns
  14 wraiths
  A centaur simulacrum (Crypt:1)
  17 water elementals
  8 shadows
  6 golden eyes (Abyss:2)
  4 hogs (D:12)
  78 yaks
  5 fire bats (Volcano)
  8 basilisks
  2 chaos spawn
  A redback (shapeshifter) (Depths:3)
  2 vampire mosquitoes (D:12)
  2 spatial vortices (Abyss:2)
  54 redbacks
  A steam dragon (D:10)
  2 harpy simulacra (IceCv)
  12 minotaur simulacra (IceCv)
  2 nagas (Abyss:3)
  Edmund (D:5)
  A naga zombie (Abyss:3)
  3 wargs
  A glowing shapeshifter zombie (Crypt:2)
  4 hell hounds (Lair:5)
  4 acid dragons
  A demonspawn zombie (Crypt:1)
  A hydra simulacrum (Crypt:1)
  8 water moccasins
  An ogre skeleton (Vaults:2)
  A floating eye (shapeshifter) (Vaults:2)
  3 naga skeletons
  A demonspawn skeleton (Crypt:1)
  A floating eye zombie (Depths:1)
  22 orc warriors
  An alligator simulacrum (IceCv)
  4 black bears
  2 ice beasts (D:7)
  3 sky beasts
  A hornet zombie (Crypt:1)
  8 ogres
  5 boggarts (D:13)
  15 centaurs
  An eye of devastation zombie (Crypt:2)
  An elephant skeleton (Crypt:2)
  35 wolves
  9 bullfrogs
  Blork the orc (D:6)
  3 kobold brigands
  2 gnoll sergeants
  6 scorpions
  A yaktaur zombie (Crypt:2)
  4 necrophages
  A human skeleton (Vaults:2)
  A merfolk simulacrum (Shoals:1)
  10 deep troll simulacra (IceCv)
  A yaktaur skeleton (Crypt:2)
  13 small abominations
  18 wights
  A lindwurm simulacrum (IceCv)
  5 electric eels
  5 howler monkeys
  A bullfrog zombie (Crypt:2)
  6 lava snakes
  13 starcursed masses
  4 hounds
  7 jellies
  22 orc priests
  Jessica (D:2)
  4 iguanas
  21 orc wizards
  Natasha (thrice) (D:3)
  7 hell rats (Lair:1)
  An acid dragon skeleton (Crypt:1)
  20 mummies
  10 gnolls
  14 adders
  8 river rats
  2 shadow imps (D:7)
  7 white imps
  3 ufetubi
  3 worms
  3 dart slugs
  70 orcs
  8 endoplasms
  3 giant cockroaches
  6 goblins
  5 hobgoblins
  9 jackals
  2 quokkas
  2 river rat zombies
  12 ball pythons
  3 bats
  6 frilled lizards
  A gnoll zombie (Ossuary)
  A goblin zombie (Crypt:2)
  4 hobgoblin zombies (Ossuary)
  23 kobolds
  2 kobold zombies (Ossuary)
  An orc zombie (Ossuary)
  37 rats
  2 lurking horrors (Abyss:3)
  3 starspawn tentacles (Abyss:2)
  4 tentacles (Shoals:3)
  A withered plant (Crypt:3)
2329 creatures vanquished.

Vanquished Creatures (collateral kills)
  2 royal mummies (Tomb:1)
  Arachne (Spider:2)
  A Tzitzimitl (Depths:4)
  3 tentacled monstrosities
  3 liches
  Mlioglotl (Shoals:4)
  Asterion (Spider:1)
  Polyphemus (Shoals:4)
  2 sphinxes
  A storm dragon (Zot:3)
  A tentacled starspawn (Abyss:2)
  Kirke (D:12)
  A shadow dragon (Depths:3)
  The ghost of Jingleheimer the Severer, a journeyman MiFi of Makhleb (Shoals:1)
  A fire giant (Vaults:1)
  A frost giant (D:14)
  A cacodemon (Abyss:3)
  A ghost moth (Spider:4)
  2 ironbound preservers (Vaults:1)
  A war gargoyle (Vaults:1)
  3 stone giants
  An ophan (Abyss:3)
  A minotaur (Shoals:4)
  2 dire elephants (Vaults:1)
  An entropy weaver (Spider:1)
  2 spark wasps (Depths:4)
  A white draconian (Zot:1)
  2 mummy priests (Tomb:1)
  4 fire dragons
  An ice dragon (Zot:3)
  A rakshasa (Abyss:3)
  A vault guard (D:13)
  A caustic shrike simulacrum (IceCv)
  A naga warrior (Vaults:2)
  A centaur warrior (D:14)
  A dancing weapon (Abyss:3)
  2 radroaches
  A death yak (Shoals:4)
  2 orc high priests (Orc:2)
  2 hell hogs (Abyss:3)
  A thrashing horror (Abyss:3)
  A tengu warrior (Depths:3)
  4 satyrs (Shoals:4)
  2 hell knights (Depths:3)
  2 sun moths
  A wretched star (Abyss:2)
  2 spectral merfolk (Shoals:1)
  2 sixfirhies (Abyss:3)
  2 skeletal warriors
  4 pharaoh ants
  An orb spider (Abyss:3)
  A sea snake (Shoals:4)
  A flayed ghost (Depths:3)
  7 orc knights (Orc:2)
  3 deep trolls
  A deep elf archer (Vaults:2)
  A shadow dragon zombie (D:15)
  A harpy (Shoals:4)
  2 ugly things (Depths:1)
  4 wolf spiders
  A worldbinder (Abyss:2)
  An orc sorcerer (Orc:2)
  A moth of wrath (Zot:1)
  2 fauns (Shoals:4)
  2 manticores
  A torpor snail (Spider:4)
  A merfolk siren (Shoals:2)
  A naga zombie (Abyss:3)
  A water nymph (Shoals:2)
  An orange demon (Abyss:2)
  A gargoyle (Volcano)
  2 demonic crawlers (Spider:1)
  A freezing wraith (IceCv)
  A hellwing (Abyss:3)
  An anaconda simulacrum (IceCv)
  A golden dragon simulacrum (IceCv)
  2 ancient zymes
  2 merfolk
  3 raiju (Abyss:3)
  A tarantella (Spider:1)
  3 culicivoras
  2 jumping spiders (Spider:1)
  2 starcursed masses (Abyss:3)
  A spriggan (Depths:3)
  A water elemental (Shoals:2)
  2 golden eyes (Abyss:2)
  A hog (D:12)
  4 redbacks (Spider:2)
  A chaos spawn (Abyss:2)
  A fire bat (Volcano)
  2 spatial vortices (Abyss:2)
  4 small abominations
  2 large abominations (Abyss:3)
  16 orc warriors (Orc:2)
  A wind drake simulacrum (Shoals:1)
  A deep troll simulacrum (IceCv)
  2 merfolk simulacra (Shoals:1)
  3 lava snakes (Volcano)
  8 orc priests (Orc:2)
  An orc wizard (Orc:2)
  A mummy (Tomb:1)
  An ufetubus (Abyss:3)
  14 orcs (Orc:2)
202 creatures vanquished.

Vanquished Creatures (others)
  A faun (Shoals:3)
  A bush (Lair:3)
  51 fungi
  A lurking horror (Abyss:2)
  170 plants
  10 starspawn tentacles
  8 tentacles (Shoals:3)
  12 withered plants
254 creatures vanquished.

Grand Total: 2785 creatures vanquished

Notes
Turn   | Place    | Note
-------+----------+-------------------------------------------
     0 | D:1      | wingedge the Minotaur Hunter began the quest for the Orb.
     0 | D:1      | Reached XP level 1. HP: 18/18 MP: 0/0
   195 | D:1      | Reached skill level 1 in Stealth
   197 | D:1      | Reached XP level 2. HP: 26/26 MP: 1/1
   586 | D:1      | Noticed an eye of devastation
   589 | D:1      | Noticed an eye of devastation
   591 | D:1      | Found a faded altar of an unknown god.
   593 | D:1      | Noticed a golden eye
   593 | D:1      | Noticed a floating eye
   731 | D:1      | Reached skill level 5 in Ranged Weapons
   888 | D:2      | Noticed Jessica
   900 | D:2      | Reached XP level 3. HP: 30/31 MP: 2/2
   904 | D:2      | Killed Jessica
   912 | D:2      | Reached XP level 4. HP: 28/38 MP: 3/3
  1292 | D:3      | Reached skill level 1 in Armour
  1339 | D:3      | Reached XP level 5. HP: 35/45 MP: 4/4
  1398 | D:3      | Noticed Natasha
  1409 | D:3      | Killed Natasha
  1427 | D:3      | Noticed Natasha
  1436 | D:3      | Killed Natasha
  1468 | D:3      | Found a glowing drain.
  1584 | Sewer    | Entered a sewer
  1685 | Sewer    | Reached XP level 6. HP: 34/52 MP: 5/5
  1873 | Sewer    | Reached skill level 5 in Fighting
  1984 | D:3      | Noticed Natasha
  1992 | D:3      | Killed Natasha
  1993 | D:3      | Reached XP level 7. HP: 61/61 MP: 6/6
  2402 | D:4      | Identified the +7 chain mail "Wecabaig" {Rampage rPois
                  | Int+3 Dex-2}
  2482 | D:4      | Reached skill level 5 in Armour
  2482 | D:4      | Reached skill level 1 in Axes
  2961 | D:4      | Reached skill level 2 in Axes
  2981 | D:4      | Reached skill level 3 in Axes
  3263 | D:5      | Entered Level 5 of the Dungeon
  3284 | D:5      | Found a staircase to the Ecumenical Temple.
  3293 | Temple   | Entered the Ecumenical Temple
  3382 | Temple   | Became a worshipper of the Shining One
  3488 | D:5      | Noticed Edmund
  3502 | D:5      | Killed Edmund
  3503 | D:5      | Reached skill level 1 in Invocations
  3612 | D:5      | Noticed Grinder
  3613 | D:5      | Paralysed by Grinder for 4 turns
  3653 | D:5      | Killed Grinder
  3654 | D:5      | Reached XP level 8. HP: 67/71 MP: 6/8
  4101 | D:5      | Noticed an angel
  4104 | D:5      | Found a glowing silver altar of Zin.
  4104 | D:5      | Found a shimmering altar of Xom.
  4493 | D:6      | Reached skill level 4 in Axes
  4587 | D:6      | Noticed Prince Ribbit
  4596 | D:6      | Killed Prince Ribbit
  4602 | D:6      | Reached skill level 5 in Axes
  4747 | D:6      | Reached skill level 1 in Throwing
  4747 | D:6      | Reached skill level 1 in Evocations
  4984 | D:6      | Reached skill level 6 in Axes
  5002 | D:6      | Noticed Blork the orc
  5010 | D:6      | Killed Blork the orc
  5011 | D:6      | Reached XP level 9. HP: 64/79 MP: 10/10
  5659 | D:7      | Found a blossoming altar of Fedhas.
  5998 | D:7      | Found a sand-covered staircase.
  6092 | D:7      | Reached * piety under the Shining One
  6132 | Ossuary  | Entered an ossuary
  6184 | Ossuary  | Reached ** piety under the Shining One
  7040 | D:7      | Noticed a two-headed ogre
  7040 | D:7      | Noticed a troll
  7040 | D:7      | Identified the ring of the Pariah {Wiz *Corrode Dex+6
                  | Slay+2}
  7040 | D:7      | Noticed a two-headed ogre
  7051 | D:7      | Killed a two-headed ogre
  7052 | D:7      | Reached skill level 7 in Axes
  7061 | D:7      | Noticed a gargoyle
  7067 | D:7      | Killed a troll
  7068 | D:7      | Reached XP level 10. HP: 50/88 MP: 10/12
  7075 | D:7      | Killed a two-headed ogre
  7093 | D:7      | Killed a gargoyle
  7094 | D:7      | Reached skill level 8 in Axes
  7162 | D:7      | Identified the amulet "Ulottexogy" {RegenMP rC- Int+6}
  7173 | D:7      | Identified the ring "Veusuk" {Contam rElec rN+++ MP+9}
  7177 | D:7      | Identified the ring "Tymemuts" {*Corrode rF+ rC+ Int+4
                  | Stlth+}
  7658 | D:8      | Found a basalt altar of Yredelemnul.
  7746 | D:8      | Reached *** piety under the Shining One
  7924 | D:8      | Reached skill level 9 in Axes
  8776 | D:9      | Reached skill level 10 in Fighting
  8783 | D:9      | Reached skill level 5 in Invocations
  8839 | D:9      | Found an opulent altar of Gozag.
  8856 | D:9      | Noticed a two-headed ogre
  8868 | D:9      | HP: 4/93 [two-headed ogre/+0 giant club (7)]
  8869 | D:9      | Killed a two-headed ogre
  8870 | D:9      | Reached XP level 11. HP: 6/99 MP: 13/13
  9607 | D:10     | Entered Level 10 of the Dungeon
  9740 | D:10     | Reached **** piety under the Shining One
 10114 | D:10     | Found a snail-covered altar of Cheibriados.
 10237 | D:10     | Reached skill level 5 in Dodging
 10478 | D:11     | Noticed a two-headed ogre
 10491 | D:11     | Killed a two-headed ogre
 10548 | D:11     | Found a staircase to the Lair.
 10576 | D:11     | Noticed a skeletal warrior
 10581 | D:11     | Noticed a skeletal warrior
 10581 | D:11     | Noticed a skeletal warrior
 10604 | D:11     | Noticed a skeletal warrior
 10606 | D:11     | Noticed a skeletal warrior
 10628 | D:10     | Killed a skeletal warrior
 10629 | D:10     | Reached skill level 10 in Axes
 10743 | D:11     | Noticed a two-headed ogre
 10757 | D:11     | Killed a two-headed ogre
 10919 | D:10     | Killed a skeletal warrior
 10947 | D:11     | Reached skill level 5 in Throwing
 10977 | D:11     | Found a staircase to the Orcish Mines.
 11096 | D:11     | Killed a skeletal warrior
 11137 | D:11     | Killed a skeletal warrior
 11138 | D:11     | Reached XP level 12. HP: 79/110 MP: 16/16
 11322 | D:11     | Reached skill level 11 in Axes
 11371 | Lair:1   | Entered Level 1 of the Lair of Beasts
 11442 | Lair:1   | Reached skill level 10 in Armour
 11587 | Lair:1   | Reached skill level 12 in Axes
 12081 | Lair:2   | Noticed a boulder beetle
 12103 | Lair:2   | Killed a boulder beetle
 12104 | Lair:2   | Reached skill level 13 in Axes
 12353 | Lair:2   | Found a staircase to the Shoals.
 12971 | Lair:2   | Reached XP level 13. HP: 106/116 MP: 18/18
 13231 | Lair:3   | Reached skill level 14 in Axes
 13232 | Lair:3   | Found a hole to the Spider Nest.
 13314 | Lair:3   | Noticed Amaemon
 13327 | Lair:3   | Killed Amaemon
 13848 | Lair:3   | Noticed Nergalle
 13857 | Lair:3   | Killed Nergalle
 13976 | Lair:3   | Identified the amulet "Releeg" {Acrobat rF+ Dex+5 Slay+3
                  | Stlth-}
 14423 | Lair:4   | Reached skill level 15 in Axes
 14531 | Lair:4   | Found a staircase to the Slime Pits.
 14655 | Lair:4   | Found a viscous altar of Jiyva.
 14780 | Lair:4   | Noticed a quicksilver ooze
 14790 | Lair:4   | Killed a quicksilver ooze
 15365 | Lair:4   | Reached XP level 14. HP: 121/126 MP: 20/20
 15699 | Lair:5   | Entered Level 5 of the Lair of Beasts
 15708 | Lair:5   | Reached skill level 10 in Invocations
 16093 | Lair:5   | Found a large runed translucent door.
 16093 | Lair:5   | Found a large runed translucent door.
 16223 | Lair:5   | Reached ***** piety under the Shining One
 16247 | Lair:5   | Reached skill level 16 in Axes
 17057 | Lair:5   | Found a snail-covered altar of Cheibriados.
 17934 | Orc:1    | Entered Level 1 of the Orcish Mines
 18670 | Orc:2    | Entered Level 2 of the Orcish Mines
 18748 | Orc:2    | Found a dark tunnel.
 18757 | Volcano  | Entered a volcano
 18871 | Volcano  | Noticed a stone giant
 18876 | Volcano  | Reached XP level 15. HP: 126/135 MP: 22/22
 18876 | Volcano  | Found a bloodstained altar of Trog.
 18877 | Volcano  | Reached skill level 17 in Axes
 19046 | Orc:2    | Found a staircase to the Elven Halls.
 19541 | Orc:2    | Reached skill level 10 in Throwing
 19900 | Orc:2    | Found Tewe's Jewellery Shoppe.
 19900 | Orc:2    | Found Tucsirphu's Antique Armour Shoppe.
 19901 | Orc:2    | Found Giudwan's Book Emporium.
 19901 | Orc:2    | Found Detaat's Weapon Shoppe.
 19912 | Orc:2    | Bought an embroidered hat for 280 gold pieces
 19924 | Orc:2    | Bought a book of Changes for 306 gold pieces
 19927 | Orc:2    | Learned a level 2 spell: Wereblood
 19928 | Orc:2    | Bought a ring of willpower for 350 gold pieces
 20799 | D:12     | Found a transporter.
 20799 | D:12     | Noticed DemonSlayer's ghost (journeyman DsFE)
 20802 | D:12     | Found a transporter.
 21038 | D:12     | Noticed Kirke
 21050 | D:12     | Killed Kirke
 21090 | D:12     | Reached skill level 1 in Transmutations
 21920 | D:13     | Found a gate to the Vaults.
 22200 | D:13     | Noticed Urug
 22208 | D:13     | Killed Urug
 22490 | D:14     | Found Kelosk's Jewellery Shoppe.
 22504 | D:14     | Bought the amulet of Zivvatol {Faith rF+ Str+3 Int+3
                  | Stlth-} for 717 gold pieces
 22755 | D:14     | Reached skill level 18 in Axes
 22778 | D:14     | Noticed a frost giant
 22778 | D:14     | Noticed a fire giant
 22792 | D:14     | Killed a frost giant
 22797 | D:14     | Killed a fire giant
 23006 | D:14     | Found an iron altar of Okawaru.
 23350 | D:15     | Entered Level 15 of the Dungeon
 23542 | D:15     | Found a staircase to the Depths.
 23556 | D:15     | Reached XP level 16. HP: 54/146 MP: 23/23
 23900 | D:15     | Found a portal to a secret trove of treasure.
 24669 | Spider:1 | Entered Level 1 of the Spider Nest
 24972 | Spider:1 | Noticed Asterion
 24994 | Spider:1 | Killed Asterion
 25421 | Spider:1 | The Shining One protects you from harm!
 25422 | Spider:1 | HP: 2/147 [disintegration (22)]
 25426 | Spider:1 | Reached skill level 19 in Axes
 26279 | Spider:2 | Found a frozen archway.
 26304 | IceCv    | Entered an ice cave
 26704 | IceCv    | Reached ****** piety under the Shining One
 26797 | IceCv    | Identified a +2 battleaxe of holy wrath (a +0 battleaxe
                  | blessed by the Shining One)
 26797 | IceCv    | Received a gift from the Shining One
 27186 | IceCv    | Noticed an Ice Fiend
 27206 | IceCv    | Killed an Ice Fiend
 27491 | IceCv    | Identified the +0 battleaxe of the Vanishing Knives {chaos,
                  | rF+}
 27822 | Spider:2 | Reached XP level 17. HP: 154/154 MP: 25/25
 28254 | Spider:2 | Noticed Arachne
 28275 | Spider:2 | Killed Arachne
 28276 | Spider:2 | Reached skill level 15 in Fighting
 28896 | Spider:3 | Identified the +2 robe of a sewer {Drain rPois rN+ rCorr}
 29639 | Spider:3 | Reached skill level 5 in Transmutations
 30006 | Spider:4 | Entered Level 4 of the Spider Nest
 30026 | Spider:4 | Noticed Aizul
 30040 | Spider:4 | Killed Aizul
 30041 | Spider:4 | Reached skill level 5 in Evocations
 30400 | Spider:4 | Reached skill level 20 in Axes
 32412 | Spider:4 | Reached skill level 15 in Armour
 32495 | Spider:4 | Got a gossamer rune of Zot
 32970 | Shoals:1 | Entered Level 1 of the Shoals
 33002 | Shoals:1 | Reached skill level 10 in Dodging
 33005 | Shoals:1 | Reached XP level 18. HP: 121/166 MP: 3/26
 33187 | Shoals:1 | Identified 2 scrolls of acquirement
 33189 | Shoals:1 | Acquired a +2 executioner's axe of venom
 33190 | Shoals:1 | Acquired a manual of Throwing
 33512 | Shoals:1 | Found a runed translucent gate.
 33513 | Shoals:1 | Found a runed translucent gate.
 33514 | Shoals:1 | Found a runed translucent gate.
 33517 | Shoals:1 | Noticed Jingleheimer's ghost (journeyman MiFi)
 33746 | Shoals:1 | Killed Jingleheimer's ghost
 34440 | Shoals:2 | Found Pifef's Weapon Shoppe.
 35747 | Shoals:2 | Identified the +0 tower shield of the Moon Troll {rPois
                  | Dex+3}
 36236 | Shoals:3 | Found Bifrar's Weapon Shoppe.
 36252 | Shoals:3 | Bought the +6 executioner's axe "Trog's Hatred" {vorpal,
                  | Will+ Str+3} for 1086 gold pieces
 36304 | Shoals:3 | Identified the +11 war axe of Dividends {holy, rF+ Int+4}
 36975 | Shoals:3 | Acquired 570 gold pieces
 37844 | Shoals:4 | Entered Level 4 of the Shoals
 38306 | Shoals:4 | Identified the +11 war axe of the Dungeon {vorpal, Fragile
                  | rC++ rN+++ Str-2}
 38878 | Shoals:4 | Noticed Polyphemus
 38885 | Shoals:4 | Killed Polyphemus
 38895 | Shoals:4 | Reached XP level 19. HP: 159/174 MP: 6/28
 39207 | Shoals:4 | Got a barnacled rune of Zot
 39209 | Shoals:4 | Identified the ring "Xybetz" {rF+ rCorr EV+4 Str-4}
 39254 | Shoals:4 | Noticed Mlioglotl
 39260 | Shoals:4 | Killed Mlioglotl
 39452 | Vaults:1 | Entered Level 1 of the Vaults
 39754 | Vaults:1 | Reached skill level 21 in Axes
 39978 | Vaults:1 | Found Xanlotuu's Magic Scroll Boutique.
 39986 | Vaults:1 | Bought a scroll of acquirement for 884 gold pieces
 39986 | Vaults:1 | Acquired the +12 crystal plate armour of Tortured Surprise
                  | {Rampage}
 40175 | Vaults:1 | Bought a scroll of enchant weapon for 127 gold pieces
 40619 | Vaults:1 | Identified the amulet of Nizot {RegenMP rElec rC+}
 42096 | Vaults:2 | Noticed Margery
 42104 | Vaults:2 | Killed Margery
 42836 | Vaults:2 | Found a runed translucent gate.
 42836 | Vaults:2 | Found a runed translucent gate.
 42837 | Vaults:2 | Found a runed translucent gate.
 42838 | Vaults:2 | Noticed tamionv's ghost (adept GrFi)
 42998 | Vaults:2 | Noticed Donald
 43008 | Vaults:2 | Killed Donald
 43009 | Vaults:2 | Reached skill level 15 in Throwing
 43121 | Vaults:2 | Reached XP level 20. HP: 179/184 MP: 24/29
 43132 | Vaults:2 | Reached skill level 22 in Axes
 43539 | Vaults:2 | Acquired the +6 crystal plate armour of Light {rPois rF+}
 44204 | Vaults:2 | Found an iron altar of Okawaru.
 44228 | Vaults:2 | Killed tamionv's ghost
 44257 | Vaults:2 | Identified the +1 pair of gloves "Ykhliul" {Str+2}
 45565 | Vaults:3 | Found a staircase to the Crypt.
 45565 | Vaults:3 | Found a basalt altar of Yredelemnul.
 45565 | Vaults:3 | Found an ancient bone altar of Kikubaaqudgha.
 45572 | Crypt:1  | Entered Level 1 of the Crypt
 47019 | Vaults:4 | Reached skill level 23 in Axes
 47267 | Vaults:4 | Reached XP level 21. HP: 194/194 MP: 30/30
 49812 | Crypt:3  | Entered Level 3 of the Crypt
 50218 | Crypt:3  | Found a staircase to the Tomb.
 50374 | Crypt:3  | Identified the ring of Juquq Gaff {Ice rCorr Int+4}
 50491 | Crypt:3  | Found the +10 dark maul {vorpal}
 50504 | Crypt:3  | Identified the +5 dire flail of Indignation {vorpal, rElec
                  | Str+4}
 50632 | Crypt:3  | Reached skill level 24 in Axes
 50831 | Crypt:3  | Noticed an ancient lich
 50848 | Crypt:3  | Killed an ancient lich
 50972 | Crypt:3  | Found an ancient bone altar of Kikubaaqudgha.
 50995 | Crypt:3  | Noticed an ancient lich
 51002 | Crypt:3  | Killed an ancient lich
 51066 | Crypt:3  | Noticed a dread lich
 51078 | Crypt:3  | Killed a dread lich
 51537 | Tomb:1   | Entered Level 1 of the Tomb of the Ancients
 51765 | Tomb:1   | Reached XP level 22. HP: 178/205 MP: 31/31
 52113 | Tomb:1   | Noticed a royal mummy
 52148 | Tomb:1   | Killed a royal mummy
 52161 | Tomb:1   | Noticed a royal mummy
 52579 | Tomb:1   | Killed a royal mummy
 53545 | Depths:1 | Entered Level 1 of the Depths
 53584 | Depths:1 | Identified the ring "Vuuhi" {rC+++ Will+ Str+6 Dex-3
                  | Stlth+}
 53829 | Depths:1 | Found a glowing golden altar of the Shining One.
 53953 | Depths:1 | Found a gateway to Hell.
 54333 | Depths:2 | You fall into a shaft and drop 1 floor!
 54333 | Depths:3 | Found a stormy altar of Qazlal.
 54554 | Depths:2 | Found a one-way gateway to a ziggurat.
 54557 | Depths:2 | Found a one-way gate leading to the halls of Pandemonium.
 55130 | Depths:2 | Found Empital's General Store.
 55147 | Depths:2 | Bought a scroll of blinking for 172 gold pieces
 55147 | Depths:2 | Bought a potion of heal wounds for 115 gold pieces
 56936 | Depths:3 | Found a one-way gate to the infinite horrors of the Abyss.
 57041 | Depths:3 | Voluntarily entered the Abyss.
 57089 | Abyss:2  | Found a corrupted altar of Lugonu.
 57105 | Abyss:2  | Found a corrupted altar of Lugonu.
 57554 | Abyss:2  | Reached XP level 23. HP: 148/216 MP: 21/25
 57637 | Abyss:2  | Reached skill level 25 in Axes
 57716 | Abyss:2  | Noticed a dread lich
 57726 | Abyss:2  | Killed a dread lich
 57847 | Abyss:2  | Noticed a dread lich
 57858 | Abyss:2  | Killed a dread lich
 57941 | Abyss:2  | Found a corrupted altar of Lugonu.
 58036 | Abyss:3  | Found a corrupted altar of Lugonu.
 58112 | Abyss:3  | Reached skill level 10 in Transmutations
 58208 | Abyss:3  | Found an opulent altar of Gozag.
 58620 | Abyss:3  | Found a glowing golden altar of the Shining One.
 58644 | Abyss:3  | Noticed a juggernaut
 58648 | Abyss:3  | Killed a juggernaut
 58656 | Abyss:3  | Got an abyssal rune of Zot
 58661 | Depths:3 | Escaped the Abyss
 58980 | Depths:3 | Paralysed by a sphinx for 5 turns
 59248 | Depths:3 | Noticed a juggernaut
 59252 | Depths:3 | Noticed a juggernaut
 59262 | Depths:3 | Killed a juggernaut
 59268 | Depths:3 | Killed a juggernaut
 59273 | Depths:3 | Reached skill level 26 in Axes
 59703 | Depths:4 | Entered Level 4 of the Depths
 59790 | Depths:4 | Found Qudebu's Armour Emporium.
 59795 | Depths:4 | Found Suhahuem's Jewellery Emporium.
 59802 | Depths:4 | Acquired 880 gold pieces
 59874 | Depths:4 | Reached XP level 24. HP: 110/231 MP: 30/32
 59898 | Depths:4 | Noticed Mennas
 59924 | Depths:4 | Killed Mennas
 60319 | Depths:4 | Found a gate to the Realm of Zot.
 60333 | Depths:4 | Noticed Sojobo
 60339 | Depths:4 | Paralysed by an air elemental for 1 turns
 60358 | Depths:4 | Killed Sojobo
 60802 | Depths:4 | Noticed Grunn
 60816 | Depths:4 | Killed Grunn
 60818 | Depths:4 | Reached skill level 15 in Dodging
 61510 | Depths:4 | Found a runed translucent door.
 61514 | Depths:4 | Noticed Uriettue's ghost (adept MiBe)
 61563 | Depths:4 | Killed Uriettue's ghost
 61579 | Depths:4 | Got the Octavo of the Lithosphere
 61939 | Zot:1    | Entered Level 1 of the Realm of Zot
 63517 | Zot:2    | Reached skill level 10 in Evocations
 65040 | Zot:3    | Reached XP level 25. HP: 226/240 MP: 30/33
 65059 | Zot:2    | Reached skill level 15 in Invocations
 65281 | Zot:3    | Reached skill level 27 in Axes
 65918 | Zot:3    | Identified the +0 robe "Zeynouji" {Drain rPois Slay+5}
 65950 | Zot:3    | Noticed a Killer Klown
 65959 | Zot:3    | Noticed a dread lich
 65979 | Zot:3    | Killed a dread lich
 65984 | Zot:3    | Killed a Killer Klown
 66719 | Zot:3    | Identified the +4 chain mail of Dishonesty {SInv}
 67324 | Zot:4    | Noticed a Killer Klown
 67330 | Zot:4    | Killed a Killer Klown
 67358 | Zot:4    | Acquired 825 gold pieces
 67599 | Zot:4    | Noticed an orb of fire
 67602 | Zot:4    | Killed an orb of fire
 68048 | Zot:4    | Found the amulet of the Air {Inacc Air Fly rElec RMsl}
 68309 | Zot:4    | Noticed an ancient lich
 68315 | Zot:4    | Killed an ancient lich
 68463 | Zot:4    | Found a stormy altar of Qazlal.
 68523 | Zot:4    | Reached XP level 26. HP: 220/256 MP: 33/33
 68965 | Zot:5    | Entered Level 5 of the Realm of Zot
 69723 | Zot:5    | Noticed an ancient lich
 69733 | Zot:5    | Killed an ancient lich
 69744 | Zot:5    | Noticed a dread lich
 69751 | Zot:5    | Noticed an orb of fire
 69752 | Zot:5    | Killed a dread lich
 69755 | Zot:5    | Noticed an orb of fire
 69755 | Zot:5    | Noticed an orb of fire
 69755 | Zot:5    | Noticed an orb of fire
 69766 | Zot:5    | Gained mutation: You expend magic power (3 MP) to
                  | strengthen your wands. [an orb of fire]
 69787 | Zot:5    | Killed an orb of fire
 69787 | Zot:5    | Gained mutation: Armour fits poorly on your strangely
                  | shaped body. [an orb of fire]
 69798 | Zot:5    | Gained mutation: You are dopey. (Int -2) [an orb of fire]
 69799 | Zot:5    | Killed an orb of fire
 69810 | Zot:5    | Killed an orb of fire
 69819 | Zot:5    | Killed an orb of fire
 70283 | Zot:5    | Lost mutation: You expend magic power (3 MP) to strengthen
                  | your wands. [potion of mutation]
 70283 | Zot:5    | Lost mutation: Armour fits poorly on your strangely shaped
                  | body. [potion of mutation]
 70283 | Zot:5    | Gained mutation: You are strong-willed. (Will+) [potion of
                  | mutation]
 70541 | Zot:5    | Noticed an ancient lich
 70548 | Zot:5    | Killed an ancient lich
 71044 | Zot:5    | Noticed an orb of fire
 71045 | Zot:5    | Noticed an orb of fire
 71056 | Zot:5    | Killed an orb of fire
 71153 | Zot:5    | Noticed an orb of fire
 71168 | Zot:5    | Killed an orb of fire
 71244 | Zot:5    | Noticed a dread lich
 71254 | Zot:5    | Killed a dread lich
 71345 | Zot:5    | Noticed an orb of fire
 71359 | Zot:5    | Killed an orb of fire
 71533 | Zot:5    | Gained mutation: You occasionally shout uncontrollably at
                  | your foes. [an orb of fire]
 71534 | Zot:5    | Gained mutation: You are agile. (Dex +4, Str/Int -1) [an
                  | orb of fire]
 71543 | Zot:5    | Killed an orb of fire
 71862 | Zot:5    | Got the Orb of Zot
 71992 | Zot:4    | Noticed Butupt the pandemonium lord
 72001 | Zot:4    | Killed Butupt the pandemonium lord
 72094 | Zot:4    | Noticed Hydami the pandemonium lord
 72412 | D:7      | Noticed Igiddue the pandemonium lord
 72428 | D:7      | Killed Igiddue the pandemonium lord
 72434 | D:7      | Noticed Gannygho the pandemonium lord
 72695 | D:$      | Escaped with the Orb!

Illustrated notes

Levels and vault maps discovered:
D:1:      wheals_arrival_linesprint, layout_basic,
          hellmonk_ecumenical_altar_watching_god, st_stairs_3,
          nrook_mini_vaults, dreamdust_princess_bridge
D:2:      layout_rooms, uniq_jessica
D:3:      kb_forest_paths, layout_rooms, portal_sewer_entry_b, uniq_natasha
D:4:      layout_basic, interstate_on_off
D:5:      layout_layer_cave, grunt_temple_overflow_order_and_chaos_1,
          minmay_temple_entry_statues_pillars, uniq_edmund, uniq_grinder
D:6:      layout_layer_cave, uniq_prince_ribbit1, uniq_blork_the_orc
D:7:      minmay_the_grid_triangle_9x9_rhombus_thin
          [minmay_the_grid_triangle_9x9_cache,
          minmay_the_grid_triangle_9x9_prize_special,
          minmay_the_grid_triangle_9x9_odd_lines,
          minmay_the_grid_triangle_9x9_steps], layout_basic, kennysheep_mini,
          nicolae_ossuary_entry_false_entrances, minmay_fountain_box
D:8:      layout_layer_cave, lemuel_doored_altar
D:9:      layout_gridville, mainiacjoe_overflow_surrounded_room
D:10:     layout_irregular_city, kennysheep_slug_shrine
D:11:     layout_cave_pools, lair_entry_dummy, minivault_26,
          hangedman_decor_clover_reticule, chequers_serial_rivers_micro_c
D:12:     layout_rooms, gammafunk_ghost_mausoleum, uniq_kirke
D:13:     layout_loops_corners, grunt_vaults_entry_fortified,
          kennysheep_minor_cross, grunt_ministairs_12, uniq_urug
D:14:     layout_gridville, okawaru_trees_2, serial_shops, nicolae_square_shop,
          minivault_25_ag, minmay_misc_feat_pillars
D:15:     gammafunk_depths_entry_grave, layout_basic, serial_park_gazebo
          [serial_park_minivault_5x5_1], trove_entry_hex_spiral
Temple:   eino_temple_rhombus
Lair:1:   layout_misc_corridors, grunt_megastairs_5
Lair:2:   layout_cellular_growth, elwin_shoals_entry_rooms, minivault_11,
          infiniplex_staircase_pool_2, grunt_megastairs_2
Lair:3:   layout_chaotic_city, nicolae_spider_entry_non_spiders,
          grunt_forest_large_clearings, uniq_amaemon, uniq_nergalle
Lair:4:   layout_regular_city, minmay_slime_entry_pillars,
          nicolae_lair_time_for_slime
Lair:5:   cheibrodos_lair_end_hotspot, layout_long_grid, kennysheep_snail_temple
Shoals:1: layout_shoals, gammafunk_ghost_necromancy, nicolae_shoals_shepherds
Shoals:2: layout_shoals, serial_shops, nicolae_shop_bloodbath_and_beyond
Shoals:3: dreamdust_from_the_deep, layout_shoals, serial_shops, shop,
          nicolae_shoals_seven_spires
Shoals:4: shoals_end_hellmonk_lost_city, uniq_mlioglotl, uniq_polyphemus
Spider:1: layout_spider_delve, nicolae_spider_bzzzt, uniq_asterion
Spider:2: layout_cave_pods, portal_ice_cave_entry_frozen_things, uniq_arachne
Spider:3: layout_spider_delve, drop_trap
Spider:4: hellmonk_spider_rune_bug_friends, nicolae_spider_scorpion_nest,
          uniq_aizul
Orc:1:    layout_caves, nicolae_orc_jurassic_orc, nicolae_orc_lost_temple
Orc:2:    st_orc_pillars, layout_caves, enter_volcano_1, lemuel_statue_altar
Vaults:1: nicolae_vaults_big_angled_halls, v_misc_19,
          nicolae_vaults_mini_display_case, nicolae_vaults_little_squares_4,
          ontoclasm_vaults_ring_small, v_misc_3,
          nicolae_vaults_diagonal_hallway_6, v_misc_18, v_rooms_3,
          dpeg_vaults_monster_row, st_diamondy, ontoclasm_vaults_spin,
          nicolae_vaults_asterisk, nicolae_vaults_little_squares_4,
          layout_vaults_ring, serial_shops, shop
Vaults:2: gammafunk_ghost_fury_of_okawaru, v_alt_pattern_5, st_quartered_hall,
          serial_ice_h, dpeg_vaults_monster_box, ontoclasm_vaults_shuriken,
          vaults_dpeg_cross, v_misc_3, ontoclasm_vaults_gateway,
          nicolae_vaults_little_squares_2, nicolae_vaults_network_quincunx
          [nicolae_vaults_network_quincunx_subvault,
          nicolae_vaults_network_quincunx_subvault,
          nicolae_vaults_network_quincunx_subvault,
          nicolae_vaults_network_quincunx_subvault,
          nicolae_vaults_network_quincunx_subvault], v_pattern_2, v_misc_28,
          vaults_dpeg_doors, layout_vaults_omnibox, uniq_donald, uniq_margery
Vaults:3: vaults_room_door_hall, minmay_crypt_entry_necro_gods,
          vaults_dpeg_encased_lava, vaults_mumra_hexcomb,
          vaults_room_stairs_pillars, ontoclasm_vaults_decontamination,
          layout_vaults_quadrants
Vaults:4: ontoclasm_vaults_eye, vaults_dpeg_ring, v_misc_4,
          grunt_vaults_hallway_long, vaults_mumra_minichess_inversion,
          hangedman_vaults_hat, nicolae_vaults_diagonal_hallway_9, v_misc_31,
          vaults_mumra_minichess, nicolae_vaults_little_squares_4,
          st_smaller_cells, layout_vaults_maze_bifur
Crypt:1:  layout_misc_corridors
Crypt:2:  layout_gridlike, hex_medium
Crypt:3:  quadcrypt_mu
Tomb:1
Depths:1: layout_cave_pools, grunt_hell_entry_dis_mu,
          serial_sigils_hangedman_shear, nicolae_tso_carved_into_rock
Depths:2: minmay_angry_zag, layout_gridlike, enter_ziggurat_b, hell_entry,
          pan_entry, serial_shops, nicolae_square_shop
Depths:3: evilmike_diamond_1, layout_cave_shapes, abyss_entry,
          pf_hell_entry_tar_spiral, nicolae_qazlal_general_emergency,
          grunt_ministairs_7, drop_trap, infiniplex_staircase_split_hallway,
          serial_bayou_shore_b
Depths:4: evilmike_zot_entry_diamond, layout_gridlike, skrybe_limestone_x,
          hellmonk_ghost_big_iron, pf_coc_iceberg, minmay_shop_star,
          uniq_sojobo, uniq_grunn, uniq_mennas
Zot:1:    layout_misc_corridors, st_stairs_3, grunt_megastairs_1
Zot:2:    layout_cathedral_of_symmetry
Zot:3:    hangedman_zot_vaults_quadrants, layout_onion_interference
Zot:4:    regret_index_qazlal_generations, layout_twisted_circle
Zot:5:    layout_gridlike

Skill      XL: |  1  2  3  4  5  6  7  8  9 10 11 12 13 14 15 16 17 18 19 20 21 22 23 24 25 26 |
---------------+-------------------------------------------------------------------------------+-----
Fighting       | 3 4 5 6 7 8 10 11 12 13 14 15 16 17 18 19 20 21 22 24 26 | 26.0
Stealth        | 1 2 |  2.0
Ranged Weapons | 5 6 7 |  7.2
Armour         | 1 4 5 6 7 8 9 10 11 12 13 14 15 17 18 20 21 22 23 25 | 25.0
Dodging        | 3 4 6 7 8 9 10 11 12 13 14 15 16 | 16.0
Axes           | 3 6 7 9 10 13 15 16 18 19 20 21 23 24 26 27 | 27.0
Invocations    | 1 3 4 5 7 9 11 12 13 14 15 | 15.0
Throwing       | 2 3 4 5 7 8 9 10 11 12 13 15 16 17 18 19 20 21 | 21.6
Evocations     | 1 3 4 6 7 8 10 11 12 | 12.0
Transmutations | 2 4 6 7 8 9 10 | 10.0

Action                   |  1- 3 |  4- 6 |  7- 9 | 10-12 | 13-15 | 16-18 | 19-21 | 22-24 | 25-27 || total
-------------------------+-------+-------+-------+-------+-------+-------+-------+-------+-------++-------
Melee: Dagger            |     9 |   100 |    16 |       |       |       |       |       |       ||   125
       Headbutt          |     1 |    23 |    70 |   188 |   237 |   314 |   402 |   298 |   185 ||  1718
       Punch             |     1 |       |     6 |     2 |       |       |       |       |       ||     9
       War axe           |       |       |   235 |   314 |       |       |       |       |     9 ||   558
       Flail             |       |       |    10 |       |       |       |       |       |       ||    10
       Battleaxe         |       |       |       |   247 |   851 |   907 |   126 |    76 |     5 ||  2212
       Executioner's axe |       |       |       |       |       |   134 |   926 |   815 |   528 ||  2403
 Fire: Shortbow          |    54 |   114 |   132 |    18 |       |       |       |       |       ||   318
Throw: Dart              |       |       |     1 |     1 |     1 |       |       |       |       ||     3
       Boomerang         |       |       |       |    49 |    99 |    85 |     2 |    47 |    28 ||   310
       Javelin           |       |       |       |       |    24 |    32 |     6 |    48 |    51 ||   161
       Throwing net      |       |       |       |       |       |     2 |       |       |       ||     2
 Cast: Wereblood         |       |       |       |       |       |    27 |    21 |    13 |    20 ||    81
Invok: Divine Shield     |       |       |     1 |    13 |    12 |    22 |    16 |    18 |     6 ||    88
       Cleansing Flame   |       |       |       |       |     5 |    11 |     1 |    11 |     2 ||    30
       Summon Divine War |       |       |       |       |     8 |    18 |     8 |    23 |     6 ||    63
       Brand Weapon With |       |       |       |       |       |     1 |       |       |       ||     1
Evoke: Wand              |       |       |       |     4 |     4 |     2 |       |       |     6 ||    16
       Lightning rod     |       |       |       |       |       |     1 |       |       |       ||     1
  Use: Scroll            |       |       |    10 |    10 |    10 |    24 |     8 |    11 |    15 ||    88
       Potion            |       |       |       |     3 |     2 |    14 |       |    12 |    12 ||    43
Armor: Ring mail         |     7 |    76 |     8 |       |       |       |       |       |       ||    91
       Chain mail        |       |       |   178 |   344 |   479 |   561 |    22 |       |       ||  1584
       Scale mail        |       |       |       |       |       |    39 |       |       |       ||    39
       Crystal plate arm |       |       |       |       |       |       |   568 |   536 |   121 ||  1225
       Gold dragon scale |       |       |       |       |       |       |       |       |   195 ||   195
Dodge: Dodged            |    24 |    80 |   114 |   268 |   495 |   607 |   356 |   419 |   228 ||  2591
       Repelled          |       |       |       |       |       |     8 |     5 |    17 |    11 ||    41
Block: Other             |       |       |    17 |    51 |   123 |   177 |    85 |   105 |    38 ||   596
       Buckler           |       |       |       |    37 |       |       |       |       |       ||    37
